 Dungeon Crawl Stone Soup version 0.20-a0-739-g6bb112f (webtiles) character file.

187 polly the Gusty (level 5, 0/39 HPs)
             Began as a Draconian Air Elementalist on Feb 25, 2017.
             Killed by nerve-wracking pain
             ... invoked by an orc priest
              (13 damage)
             ... on level 3 of the Dungeon.
             The game lasted 00:04:29 (2141 turns).

polly the Gusty (Draconian Air Elementalist)        Turns: 2141, Time: 00:04:29

Health: 0/39       AC:  9    Str: 11    XL:     5   Next: 39%
Magic:  0/10       EV: 13    Int: 16    God:
Gold:   84         SH:  0    Dex: 16    Spells: 10/11 levels left

rFire    . . .     SeeInvis .     - Unarmed
rCold    . . .     Gourm    .   (armour unavailable)
rNeg     . . .     Faith    .   (no shield)
rPois    .         Spirit   .   (helmet restricted)
rElec    .         Reflect  .   (no cloak)
rCorr    .         Harm     .   (no gloves)
MR       .....                  (no boots)
Stlth    ++........             (no amulet)
Regen    0.2/turn               k - +5 ring of dexterity
MPRegen  0.2/turn               m - +4 ring of protection

@: no status effects
A: unfitting armour, cold-blooded, AC +5
a: no special abilities


You were on level 3 of the Dungeon.
You were hungry.

You visited 1 branch of the dungeon, and saw 3 of its levels.

You collected 84 gold pieces.

Inventory:

Jewellery
 g - an uncursed ring of protection from cold
 k - a +5 ring of dexterity (right hand)
 m - a +4 ring of protection (left hand)
Scrolls
 e - 2 scrolls of remove curse {unknown}
 j - a scroll of identify {unknown}
 l - a scroll of blinking {unknown}
Potions
 f - a potion of ambrosia {unknown}
 h - a potion of curing
 i - a potion of heal wounds {unknown}
 o - a potion of lignification {unknown}
Books
 a - a book of Air

   Spells                             Type                      Level
   a - Shock                          Conjuration/Air              1
   b - Swiftness                      Charms/Air                   2
   c - Static Discharge               Conjuration/Air              3
   d - Airstrike                      Air                          4
   e - Lightning Bolt                 Conjuration/Air              5
Comestibles
 b - a bread ration
 c - a meat ration
 d - 3 royal jellies


   Skills:
 + Level 0.4 Fighting
 + Level 2.4 Dodging
 + Level 2.2 Stealth
 - Level 1.1 Unarmed Combat
 + Level 3.6 Spellcasting
 + Level 1.8 Conjurations
 + Level 3.8 Air Magic


You had 10 spell levels left.
You knew the following spells:

 Your Spells              Type           Power        Failure   Level  Hunger
a - Shock                 Conj/Air       ##..         8%          1    None


Dungeon Overview and Level Annotations

Branches:
Dungeon (3/15)

Altars:
Dithmenos


Innate Abilities, Weirdness & Mutations

Your plain brown scales are hard. (AC +5)
You cannot fit into any form of body armour.
You are cold-blooded and may be slowed by cold attacks.


Message History

Confirm with . or Enter, or press ? or * to list all spells.
Aiming: Shock
Press: ? - help, Shift-Dir - straight line The orc priest closely misses you.
The orc barely misses you. The hobgoblin closely misses you.
You hit the orc priest but do no damage.
The orc priest is almost dead.
The orc hits you with a club.
The orc priest looks encouraged for a moment.
The orc hits you but does no damage. The hobgoblin closely misses you.
You closely miss the orc priest.
The orc priest is almost dead.
The orc hits you but does no damage.
The orc priest hits you but does no damage.
The orc hits you but does no damage. The hobgoblin closely misses you.
You barely miss the orc priest.
The orc priest is almost dead.
The orc priest calls down the wrath of Beogh upon you.
Pain shoots through your body!
You die...

..<............##+####
###....).......##.#
#.............#.#
#...........#.#.#
####+##.....#...#
#....###..# ####.
#...# #.##...#
#.).o@.# ..)...oog...#
..###.##....# . ...
...[# ###. ..%.# ##
...... ....... #.#....


You could see an orc priest, 2 orcs and a hobgoblin.

Vanquished Creatures
  A howler monkey (D:3)
  Jessica (D:2)
  An orc wizard (D:3)
  Robin (D:3)
  2 adders (D:2)
  An ooze (D:1)
  A worm (D:3)
  3 dart slugs
  An orc (D:3)
  6 bats
  2 giant cockroaches
  9 goblins
  8 hobgoblins
  4 jackals (D:2)
  A ball python (D:2)
  4 frilled lizards
  9 kobolds
  5 rats
60 creatures vanquished.

Notes
Turn   | Place    | Note
-------+----------+-------------------------------------------
     0 | D:1      | polly the Draconian Air Elementalist began the quest for the Orb.
     0 | D:1      | Reached XP level 1. HP: 14/14 MP: 3/3
   356 | D:1      | Reached XP level 2. HP: 20/20 MP: 0/5
   936 | D:2      | Noticed Jessica
   961 | D:2      | Killed Jessica
   961 | D:2      | Reached XP level 3. HP: 22/26 MP: 0/7
  1283 | D:2      | Reached XP level 4. HP: 33/33 MP: 5/8
  1517 | D:2      | Found a shadowy altar of Dithmenos.
  1699 | D:3      | Noticed Robin
  1724 | D:3      | Killed Robin
  1893 | D:3      | Reached skill level 1 in Unarmed Combat
  1893 | D:3      | Reached XP level 5. HP: 22/38 MP: 1/10
  2135 | D:3      | HP: 1/39 [orc priest/divine providence (12)]
  2141 | D:3      | Killed from afar by an orc priest

Vault maps used:
D:1:      denvon_arrival_waterhouse
D:2:      lemuel_round_altar, uniq_jessica
D:3:      uniq_robin

Skill      XL: |  1  2  3  4 |
---------------+-------------+-----
Stealth        | 2 |  2.2
Spellcasting   | 3 |  3.6
Dodging        | 2 |  2.4
Unarmed Combat | 1 |  1.1
Fighting       | |  0.4
Conjurations   | |  1.8
Air Magic      | |  3.8

Action                   |  1- 3 |  4- 6 || total
-------------------------+-------+-------++-------
Melee: Unarmed           |    37 |    73 ||   110
       Tailslap          |     1 |     7 ||     8
 Cast: Shock             |    56 |    64 ||   120
  Use: Potion            |       |     3 ||     3
  Eat: Chunk             |     2 |     2 ||     4
Armor: Skin              |    32 |    52 ||    84
Dodge: Dodged            |    35 |    80 ||   115
